 Dungeon Crawl Stone Soup version 0.26-a0-665-gefeb406119 (webtiles) character file.

Game seed: 15212850321410948623

3698 grandjackal the Warmonger (level 9, -2/73 HPs)
             Began as a Demonspawn Gladiator on Oct 15, 2020.
             Was an Elder of Okawaru.
             Slain by a manticore (6 damage)
             ... on level 8 of the Dungeon.
             The game lasted 00:09:52 (7452 turns).

grandjackal the Warmonger (Demonspawn Gladiator)    Turns: 7452, Time: 00:09:52

Health: -2/73      AC:  8    Str: 18      XL:     9   Next: 91%
Magic:  15/15      EV: 17    Int: 12      God:    Okawaru [****..]
Gold:   561        SH:  0    Dex: 13 (14) Spells: 3/8 levels left

rFire    + . .     SeeInvis .   a - +0 long sword
rCold    + + .     Faith    .   (no shield)
rNeg     . . .     Spirit   .   e - +0 ring mail
rPois    .         Reflect  .   (helmet unavailable)
rElec    .         Harm     .   M - +0 cloak
rCorr    .         Rampage  .   (no gloves)
MR       .....                  I - +0 pair of boots
Stlth    ++........             t - amulet of regeneration
HPRegen  0.62/turn              n - ring of protection from fire
MPRegen  0.14/turn              x - ring of protection from cold

@: heroism, barbed spikes
A: horns 3, cold resistance 1, powered by pain 1, big brain 1
a: Heroism, Renounce Religion


You were on level 8 of the Dungeon.
You worshipped Okawaru.
Okawaru was greatly pleased with you.
You visited 1 branch of the dungeon, and saw 8 of its levels.

You collected 561 gold pieces.

Inventory:

Hand Weapons
 a - a +0 long sword (weapon)
 g - a +3 short sword
 q - a +0 short sword of freezing
Armour
 e - a +0 ring mail (worn)
 I - a +0 pair of boots (worn)
 M - a +0 cloak (worn)
Jewellery
 n - a ring of protection from fire (left hand)
 t - an amulet of regeneration (around neck)
 x - a ring of protection from cold (right hand)
 y - a cursed ring of teleportation {unknown}
 E - an uncursed amulet of reflection {unknown}
 H - an uncursed ring of ice {unknown}
 J - an uncursed ring of protection from magic {unknown}
Wands
 D - a wand of acid (8)
 F - a wand of flame (22)
 L - a wand of polymorph (10)
Scrolls
 c - 10 scrolls of identify {unknown}
 i - 5 scrolls of teleportation {unknown}
 j - 7 scrolls of magic mapping {unknown}
 l - 3 scrolls of enchant weapon {unknown}
 o - 4 scrolls of remove curse {unknown}
 p - a scroll of noise {unknown}
 r - 2 scrolls of enchant armour {unknown}
 v - a scroll of amnesia {unknown}
 B - a scroll of blinking {unknown}
 C - a scroll of random uselessness {unknown}
 G - a scroll of fog {unknown}
Potions
 b - 2 potions of flight
 f - a potion of brilliance
 h - a potion of curing
 k - a potion of invisibility {unknown}
 m - a potion of heal wounds {unknown}
 s - a potion of might {unknown}
 u - a potion of stabbing {unknown}
 w - a potion of degeneration {unknown}
 z - a potion of mutation {unknown}
 A - 2 potions of lignification {unknown}
 K - 2 potions of resistance {unknown}


   Skills:
 + Level 7.7(12.7) Fighting
 + Level 7.3(12.3) Long Blades
 - Level 1.7(6.7) Throwing
 - Level 6.2(11.2) Dodging
 + Level 3.3 Translocations
 + Level 8.0 Invocations


You had 3 spell levels left.
You knew the following spells:

 Your Spells              Type           Power        Failure   Level
a - Mephitic Cloud        Conj/Pois/Air  #.......     86%         3
b - Blink                 Tloc           N/A          22%         2

Your spell library contained the following spells:

 Spells                   Type           Power        Failure   Level
 Gell's Gravitas          Tloc           #.........   38%         3
 Magic Dart               Conj           #...         50%         1
 Call Imp                 Summ           #.......     63%         2
 Slow                     Hex            #.......     63%         2
 Confusing Touch          Hex            #.......     86%         3
 Conjure Flame            Conj/Fire      #.......     86%         3
 Petrify                  Tmut/Erth      #.......     99%         4
 Metabolic Englaciation   Hex/Ice        #.........   100%        5
 Yara's Violent Unravell  Hex/Tmut       #.........   100%        5


Dungeon Overview and Level Annotations

Branches:
Dungeon (8/15)             Temple (0/1) D:7
   Lair: D:8-11

Altars:
Ashenzari
Gozag
Hepliaklqana
Okawaru
Xom
The Shining One

Annotations:
D:6 1 runed translucent door, elmdor's ghost, novice MfWz


Innate Abilities, Weirdness & Mutations

You have a pair of large horns on your head.
Your flesh is cold resistant. (rC+)
You sometimes gain a little power by taking damage.
You have an unusually large brain. (Int +2)


Message History

The volley of spikes hits you!!
The barbed spikes become lodged in your body.
You focus on the pain.
You feel your power returning.
You hit the manticore but do no damage. You barely miss the manticore.
The manticore closely misses you.
The manticore claws you but does no damage.
The manticore claws you!
You hit the manticore.
The manticore is lightly wounded.
The manticore misses you. The manticore barely misses you.
The manticore closely misses you.
Throwing (i - inventory)
d - a throwing net (quivered)
Press: ? - help, Shift-Dir - straight line, f - manticore
Aim: a manticore (lightly wounded)
You throw a throwing net.
The throwing net barely misses the manticore.
The manticore bites you!!
* * * LOW HITPOINT WARNING * * *
The manticore claws you.
You die...

##### ....# ### ### ### ### ###
###
.♣..#####8###8###8###8###8###8###
....'.....'.....@H...)†(....'(...
...####.#8###8###8#†#8###8###8#.#
PP..♣ #+### #######.###########+#
♣P.♣.♣ ###...........# #) #.#
PP..♣.# +.........h.....+( #.#
...#### ##8{..........8##?##.#
.(.# )'....H.......h..+(##.. ...#
$#.......⌠.......#$ #.. P.#
+...............+[##..


You could see a manticore.

Vanquished Creatures
  A tengu warrior (D:8)
  A cyclops (D:7)
  Joseph (D:7)
  A slime creature (D:8)
  A basilisk (D:8)
  A sky beast (D:8)
  3 ogres
  A necrophage (D:7)
  2 phantoms (D:8)
  A big kobold (D:8)
  6 bullfrogs
  A scorpion (D:7)
  5 wights (D:6)
  2 quasits
  3 orc priests
  4 hounds
  7 orc wizards
  A bullfrog skeleton (D:5)
  An iguana (D:4)
  4 worker ants
  A gnoll (D:4)
  6 adders
  2 shadow imps
  An ufetubus (D:7)
  2 oozes (D:2)
  An adder zombie (D:8)
  6 worms
  4 dart slugs
  6 leopard geckos
  18 orcs
  12 bats
  6 giant cockroaches
  10 goblins
  14 hobgoblins
  12 jackals
  16 kobolds
  7 quokkas
  A ball python (D:4)
  2 frilled lizards
  A leopard gecko skeleton (D:5)
  2 quokka skeletons
  6 rats
183 creatures vanquished.

Vanquished Creatures (others)
  A plant (D:8)
1 creature vanquished.

Grand Total: 184 creatures vanquished

Notes
Turn   | Place    | Note
-------+----------+-------------------------------------------
     0 | D:1      | grandjackal the Demonspawn Gladiator began the quest for
                  | the Orb.
     0 | D:1      | Reached XP level 1. HP: 16/16 MP: 1/1
   100 | D:1      | Gained mutation: You have a pair of small horns on your
                  | head. [demonic ancestry]
   100 | D:1      | Reached XP level 2. HP: 16/22 MP: 2/2
   519 | D:1      | Gained mutation: You have a pair of horns on your head.
                  | [demonic ancestry]
   519 | D:1      | Reached XP level 3. HP: 28/28 MP: 3/3
  1422 | D:2      | Gained mutation: You have a pair of large horns on your
                  | head. [demonic ancestry]
  1422 | D:2      | Reached XP level 4. HP: 35/35 MP: 4/4
  2099 | D:3      | Gained mutation: Your flesh is cold resistant. (rC+)
                  | [demonic ancestry]
  2099 | D:3      | Reached XP level 5. HP: 15/41 MP: 5/5
  2191 | D:3      | Found a broken altar of Ashenzari.
  2191 | D:3      | Found a hazy altar of Hepliaklqana.
  2675 | D:4      | Reached XP level 6. HP: 30/48 MP: 6/6
  2919 | D:4      | Found an opulent altar of Gozag.
  3356 | D:4      | Found an iron altar of Okawaru.
  3386 | D:4      | Became a worshipper of Warmaster Okawaru
  3448 | D:5      | Entered Level 5 of the Dungeon
  3787 | D:5      | Reached skill level 1 in Invocations
  4030 | D:6      | Gained mutation: You have an unusually large brain. (Int
                  | +2) [demonic ancestry]
  4030 | D:6      | Reached XP level 7. HP: 53/55 MP: 8/8
  4033 | D:6      | Reached skill level 2 in Invocations
  4154 | D:6      | Reached * piety under Okawaru
  4154 | D:6      | Reached skill level 5 in Long Blades
  4161 | D:6      | Reached skill level 5 in Fighting
  4230 | D:6      | Reached skill level 5 in Dodging
  4230 | D:6      | Reached skill level 3 in Invocations
  4304 | D:6      | Found a glowing golden altar of the Shining One.
  4893 | D:6      | Learned a level 3 spell: Mephitic Cloud
  5009 | D:6      | Found a runed translucent door.
  5009 | D:6      | Noticed elmdor's ghost (novice MfWz)
  5356 | D:7      | Gained mutation: You sometimes gain a little power by
                  | taking damage. [demonic ancestry]
  5356 | D:7      | Reached XP level 8. HP: 57/63 MP: 10/10
  5360 | D:7      | Found a staircase to the Ecumenical Temple.
  5391 | D:7      | Reached skill level 4 in Invocations
  5404 | D:7      | Noticed a cyclops
  5420 | D:7      | Killed a cyclops
  5575 | D:7      | Noticed Joseph
  5586 | D:7      | Killed Joseph
  5586 | D:7      | Reached ** piety under Okawaru
  5586 | D:7      | Reached skill level 5 in Invocations
  5853 | D:7      | Reached skill level 6 in Invocations
  6214 | D:7      | Reached XP level 9. HP: 60/71 MP: 13/13
  6450 | D:7      | Learned a level 2 spell: Blink
  6502 | D:8      | Reached *** piety under Okawaru
  6599 | D:8      | Found a shimmering altar of Xom.
  6728 | D:8      | Reached skill level 1 in Translocations
  7194 | D:8      | Noticed a tengu warrior
  7210 | D:8      | Killed a tengu warrior
  7210 | D:8      | Reached **** piety under Okawaru
  7210 | D:8      | Reached skill level 7 in Invocations
  7423 | D:8      | Reached skill level 8 in Invocations
  7428 | D:8      | Noticed a manticore
  7452 | D:8      | Slain by a manticore

Illustrated notes

Levels and vault maps discovered:
D:1:      psy_arrival_statuary, layout_basic, minmay_tiny_reverse_x
D:2:      layout_basic
D:3:      layout_basic, gammafunk_temple_overflow_elements
D:4:      layout_gridville, nicolae_gozag_seed_capital,
          okawaru_altar_gauntlet_db
D:5:      layout_gridville
D:6:      layout_layer_cave, hellmonk_ghost_happy_afterlife, tso_metal_star
D:7:      layout_basic, minmay_temple_entry_statues_fountains, uniq_joseph
D:8:      wad_statue_garden, layout_basic, xom_teletrap_fun

Skill      XL: |  1  2  3  4  5  6  7  8  9 |
---------------+----------------------------+-----
Long Blades    | 3 4 5 6 7 |  7.3
Dodging        | 3 4 5 6 |  6.2
Fighting       | 3 4 5 6 7 |  7.7
Invocations    | 1 3 6 8 |  8.0
Translocations | 3 |  3.3
Throwing       | |  1.7

Action                   |  1- 3 |  4- 6 |  7- 9 || total
-------------------------+-------+-------+-------++-------
Melee: Long sword        |    97 |   209 |   242 ||   548
       Headbutt          |    12 |    50 |    64 ||   126
Throw: Throwing net      |       |       |     7 ||     7
Invok: Heroism           |       |       |     1 ||     1
  Use: Potion            |       |     2 |     3 ||     5
 Stab: Held in net/web   |       |       |     2 ||     2
Armor: Ring mail         |    35 |    57 |    84 ||   176
Dodge: Dodged            |    68 |   156 |   204 ||   428
       Rpst.: Long sword |    24 |    50 |    48 ||   122

Table legend: (Time is in decaauts)
 A = Elapsed time spent in this place.
 B = Non-inter-level travel time spent in this place.
 C = Inter-level travel time spent in this place.
 D = Time resting spent in this place.
 E = Time spent auto-exploring this place.
 F = Levels seen in this place.
 G = Mean time per level.
                   A        B        C        D        E       F      G
               +--------+--------+--------+--------+--------+-----+--------+
         Total |   7574 |   7377 |    197 |   1026 |   4909 |   8 |  946.8 |
       Dungeon |   7574 |   7377 |    197 |   1026 |   4909 |   8 |  946.8 |
               +--------+--------+--------+--------+--------+-----+--------+

Top non-repeatable levels by time:
     D:6: 1321 daAuts
     D:7: 1238 daAuts
     D:8: 985 daAuts
     D:1: 951 daAuts
     D:4: 910 daAuts
     D:2: 841 daAuts
     D:3: 816 daAuts
     D:5: 509 daAuts
